 Dungeon Crawl Stone Soup version 0.22-a0-368-g870eee8 (webtiles) character file.

4039 JeffiDaFish the Geomancer (level 10, 0/50 HPs)
             Began as a Gargoyle Earth Elementalist on Apr 23, 2018.
             Was a Priest of Sif Muna.
             Hit by a tomahawk thrown by an orc warrior (8 damage)
             ... on level 8 of the Dungeon.
             The game lasted 00:17:56 (7120 turns).

JeffiDaFish the Geomancer (GrEE)                    Turns: 7120, Time: 00:17:56

Health: 0/50       AC: 12    Str: 13      XL:     10   Next: 24%
Magic:  1/47       EV: 12    Int: 18      God:    Sif Muna [***...]
Gold:   507        SH:  0    Dex:  8 (10) Spells: 19/28 levels left

rFire    . . .     SeeInvis .   n - staff of power
rCold    . . .     Gourm    .   (no shield)
rNeg     + . .     Faith    .   c - +1 robe
rPois    ∞         Spirit   .   (no helmet)
rElec    +         Reflect  .   (no cloak)
rCorr    .         Harm     .   e - +1 pair of gloves
MR       .....                  (no boots)
Stlth    ++........             (no amulet)
HPRegen  0.16/turn              l - ring of wizardry
MPRegen  0.30/turn              m - ring of magical power

@: no casting
A: negative energy resistance 1, electricity resistance, unbreathing,
petrification resistance, rot immunity, AC +7
a: Stop Divine Energy, Channel Magic, Renounce Religion


You were on level 8 of the Dungeon.
You worshipped Sif Muna.
Sif Muna was most pleased with you.
You were near starving.

You visited 2 branches of the dungeon, and saw 9 of its levels.

You collected 507 gold pieces.

Inventory:

Hand Weapons
 j - a +2 flail of protection
Missiles
 b - 202 stones (quivered)
Armour
 c - a +1 robe (worn)
 e - a +1 pair of gloves (worn)
 v - +0 steam dragon scales
Magical Staves
 n - an uncursed staff of power (weapon)
Jewellery
 g - an uncursed ring of ice
 l - a ring of wizardry (left hand)
 m - a ring of magical power (right hand)
 r - a +5 ring of protection
Scrolls
 h - a scroll of teleportation
 p - a scroll of silence
 q - a scroll of amnesia
 t - a scroll of fog
Potions
 f - a potion of flight
 i - a potion of agility
 k - a potion of cancellation
 o - a potion of invisibility
Comestibles
 d - 16 rations
 s - 2 chunks of flesh


   Skills:
 - Level 1.5 Dodging
 - Level 2.2 Stealth
 + Level 9.6 Spellcasting
   Level 0.7 Transmutations
 + Level 12.4 Earth Magic


You had 19 spell levels left.
You knew the following spells:

 Your Spells              Type           Power        Failure   Level  Hunger
a - Sandblast             Erth           ######       1%          1    None
b - Stone Arrow           Conj/Erth      ####..       1%          3    None
c - Lee's Rapid Deconstr  Erth           ######....   1%          5    #####..


Dungeon Overview and Level Annotations

Branches:
Dungeon (8/15)             Temple (1/1) D:5
   Lair: D:8-11

Altars:
Cheibriados
Elyvilon
Gozag
Hepliaklqana
Kikubaaqudgha
Okawaru
Qazlal
Ru
Sif Muna
Uskayaw
Wu Jian
Xom
Yredelemnul
Zin

Shops:
D:5 =   D:6 *


Innate Abilities, Weirdness & Mutations

You are resistant to torment.
Your stone body is resilient. (AC +7)
You are immune to poison.
You resist negative energy. (rN+)
You are resistant to electric shocks. (rElec)
You can survive without breathing.
You are immune to petrification.
You are immune to rotting.


Message History

An orc comes into view. It is wielding a flail.
Casting: Lee's Rapid Deconstruction (safe; 1% risk of failure)
Confirm with . or Enter, or press ? or * to list all spells.
Aiming: Lee's Rapid Deconstruction (safe; 1% risk of failure)
Press: ? - help, Dir - move target cursor The wall shatters!
The blast of rock fragments hits the orc priest.
You kill the orc priest!
Sif Muna accepts your kill.
The blast of rock fragments hits the orc warrior.
The orc warrior is heavily wounded.
Sif Muna grants you divine energy.
You briefly lose access to your magic!
An orc comes into view. It is wielding a mace.
The orc throws a tomahawk.
The tomahawk barely misses you.
The orc moves out of view.
The orc warrior throws a tomahawk.
The tomahawk hits you but does no damage.
The orc throws a tomahawk.
The tomahawk closely misses you.
The orc warrior throws a tomahawk.
The tomahawk hits you!
You die...

##############
#(@((oo).....#
#.###.)).###.# #.#
#oo# #
########.#####.).#
##
#............#..o#
.#
#.######.#######..#
.# #.# #.### )o# .#
#.# #..^# ..# .##
#.# #####


You could see an orc warrior and 3 orcs.

Vanquished Creatures
  A two-headed ogre (D:8)
  Sigmund (D:6)
  A spriggan (D:8)
  Eustachio (D:5)
  2 steam dragons
  Menkaure (D:5)
  An ice beast (D:5)
  5 orc warriors
  A black bear (D:7)
  A sky beast (D:7)
  2 phantoms
  2 ogres
  2 centaurs
  A bullfrog (D:8)
  4 scorpions
  A wyvern skeleton (D:8)
  3 wights (D:8)
  A hound (D:4)
  A bullfrog zombie (D:7)
  5 orc priests
  2 iguanas
  6 orc wizards
  Natasha (thrice) (D:2)
  8 worker ants
  A worker ant zombie (D:8)
  7 adders
  2 oozes
  An adder zombie (D:6)
  A worm (D:4)
  2 dart slugs
  2 leopard geckos
  33 orcs
  A giant cockroach (D:3)
  7 goblins
  8 hobgoblins
  9 jackals
  A quokka (D:7)
  A ball python (D:3)
  6 bats
  4 frilled lizards
  14 kobolds
  6 rats
  A spectral orc (D:7)
163 creatures vanquished.

Vanquished Creatures (others)
  A quokka (D:3)
  A fungus (D:6)
2 creatures vanquished.

Grand Total: 165 creatures vanquished

Notes
Turn   | Place    | Note
-------+----------+-------------------------------------------
     0 | D:1      | JeffiDaFish the Gargoyle Earth Elementalist began the quest for the Orb.
     0 | D:1      | Reached XP level 1. HP: 10/10 MP: 3/3
   347 | D:1      | Reached XP level 2. HP: 15/15 MP: 3/5
   357 | D:1      | Reached skill level 4 in Earth Magic
  1285 | D:2      | Reached XP level 3. HP: 19/19 MP: 6/6
  1606 | D:2      | Noticed Natasha
  1611 | D:2      | Killed Natasha
  1611 | D:2      | Reached XP level 4. HP: 12/24 MP: 3/8
  1640 | D:2      | Reached skill level 5 in Earth Magic
  1785 | D:2      | Noticed Natasha
  1789 | D:2      | Killed Natasha
  1796 | D:2      | Noticed Natasha
  1798 | D:2      | Killed Natasha
  1798 | D:2      | Reached XP level 5. HP: 27/28 MP: 4/10
  2247 | D:3      | Learned a level 3 spell: Stone Arrow
  2448 | D:3      | Found an iron altar of Okawaru.
  2477 | D:3      | Learned a level 5 spell: Lee's Rapid Deconstruction
  2506 | D:3      | Reached skill level 6 in Earth Magic
  2803 | D:3      | Found a white marble altar of Elyvilon.
  2879 | D:3      | Reached XP level 6. HP: 29/32 MP: 12/12
  3192 | D:4      | Found an opulent altar of Gozag.
  3512 | D:4      | Reached skill level 7 in Earth Magic
  3512 | D:4      | Reached XP level 7. HP: 36/36 MP: 14/14
  3647 | D:4      | Reached skill level 5 in Spellcasting
  3718 | D:4      | Found a hazy altar of Hepliaklqana.
  3911 | D:5      | Entered Level 5 of the Dungeon
  4105 | D:5      | Found an ancient bone altar of Kikubaaqudgha.
  4304 | D:5      | Reached skill level 8 in Earth Magic
  4308 | D:5      | Noticed Menkaure
  4312 | D:5      | Killed Menkaure
  4312 | D:5      | Reached XP level 8. HP: 41/41 MP: 11/17
  4604 | D:5      | Found Himiud's Jewellery Shoppe.
  4696 | D:5      | Found a staircase to the Ecumenical Temple.
  4869 | Temple   | Entered the Ecumenical Temple
  4944 | Temple   | Became a worshipper of Sif Muna the Loreminder
  5026 | D:6      | Noticed Eustachio
  5035 | D:5      | Killed Eustachio
  5253 | D:6      | Reached skill level 9 in Earth Magic
  5337 | D:6      | Found a snail-covered altar of Cheibriados.
  5476 | D:6      | Reached * piety under Sif Muna
  5483 | D:6      | Found a sacrificial altar of Ru.
  5501 | D:6      | Noticed Sigmund
  5506 | D:6      | Killed Sigmund
  5554 | D:6      | Found a glowing silver altar of Zin.
  5556 | D:6      | Found Zin's Purification Station.
  5562 | D:6      | Found a shimmering altar of Xom.
  5697 | D:7      | Reached skill level 10 in Earth Magic
  5697 | D:7      | Reached XP level 9. HP: 45/45 MP: 20/20
  5854 | D:7      | Found a basalt altar of Yredelemnul.
  5933 | D:7      | Reached ** piety under Sif Muna
  6250 | D:7      | Reached skill level 11 in Earth Magic
  6541 | D:8      | Found a hide-covered altar of Uskayaw.
  6933 | D:8      | Noticed a two-headed ogre
  6940 | D:8      | Killed a two-headed ogre
  6940 | D:8      | Reached *** piety under Sif Muna
  6940 | D:8      | Reached skill level 12 in Earth Magic
  6940 | D:8      | Reached XP level 10. HP: 50/50 MP: 23/23
  7120 | D:8      | Hit by a tomahawk thrown by an orc warrior

Vault maps used:
D:1:      saegor_arrival_simple_e, minmay_pentomino_s2
D:2:      first_ration, uniq_natasha
D:3:      okawaru_gym_becter, elyvilon_altar_4
D:4:      nicolae_gozag_seed_capital, lemuel_crystal_altar,
          kennysheep_generic_room_15
D:5:      kiku_gazebo_garden_becter, minmay_temple_entry_nine_rooms,
          serial_shops, kennysheep_little_box, grunt_decor_mini_mirrors,
          uniq_menkaure
D:6:      kennysheep_steamy, nicolae_overflow_hidden_temple,
          hangedman_ru_absence, zin_purify, basic_altar, abandoned_shop,
          uniq_sigmund, uniq_eustachio
D:7:      yredelemnul_forgotten_temple_becter
D:8:      fedhas_altar_fruit_tree, old_standard_altar, special_room, the_bakery,
          small_statue_intersection
Temple:   minmay_temple_curvy_loop

Skill      XL: |  1  2  3  4  5  6  7  8  9 |
---------------+----------------------------+-----
Earth Magic    | 4 5 6 7 8 10 12 | 12.4
Spellcasting   | 3 4 6 7 9 |  9.6
Dodging        | |  1.5
Stealth        | |  2.2
Transmutations | |  0.7

Action                   |  1- 3 |  4- 6 |  7- 9 | 10-12 || total
-------------------------+-------+-------+-------+-------++-------
Melee: Unarmed           |    18 |       |       |       ||    18
       Short sword       |    26 |       |       |       ||    26
       Dagger            |     6 |    46 |    24 |       ||    76
       Flail             |       |       |    31 |       ||    31
       Staff             |       |       |       |     3 ||     3
 Cast: Sandblast         |    44 |    60 |    52 |    10 ||   166
       Stone Arrow       |       |    12 |    49 |     2 ||    63
       Lee's Rapid Decon |       |     2 |    21 |     9 ||    32
Invok: Divine Energy     |       |       |     1 |       ||     1
  Use: Potion            |     5 |     2 |     6 |     1 ||    14
       Scroll            |     5 |     6 |     9 |       ||    20
 Stab: Sleeping          |     3 |     3 |       |       ||     6
       Distracted        |       |       |     1 |       ||     1
  Eat: Chunk             |     3 |     7 |    11 |     1 ||    22
       Ration            |       |       |     2 |       ||     2
Armor: Robe              |    16 |    37 |    23 |     4 ||    80
Dodge: Dodged            |    50 |    61 |    59 |     8 ||   178

Table legend:
 A = Spawn XP
 B = Non-spawn XP
 C = Spawn XP percentage of total XP
 D = Spawn monster count
 E = Non-spawn monster count
 F = Spawn count percentage of total count
 G = Total turns spent on level
                    A         B        C        D         E        F      G
               +---------+---------+-------+---------+---------+-------+---------
         Total |       0 |    5770 |   0.0 |       0 |     163 |   0.0 |  7120
               +---------+---------+-------+---------+---------+-------+---------
           D:1 |       0 |      33 |   0.0 |       0 |      22 |   0.0 |  1262
           D:2 |       0 |     144 |   0.0 |       0 |      20 |   0.0 |   884
           D:3 |       0 |     161 |   0.0 |       0 |      27 |   0.0 |   958
           D:4 |       0 |     413 |   0.0 |       0 |      21 |   0.0 |   807
           D:5 |       0 |     713 |   0.0 |       0 |       7 |   0.0 |  1205
           D:6 |       0 |     792 |   0.0 |       0 |      11 |   0.0 |   451
           D:7 |       0 |    1356 |   0.0 |       0 |      24 |   0.0 |   806
           D:8 |       0 |    2158 |   0.0 |       0 |      31 |   0.0 |   621
               +---------+---------+-------+---------+---------+-------+---------
